 Dungeon Crawl Stone Soup version 0.29.1-2-gbd0b4ee654 (webtiles) character file.

Game seed: 12256180571276491717

15103 xian the Envoy of Void (level 11, -19/83 HPs)
             Began as a Demonspawn Abyssal Knight on Nov 18, 2022.
             Was a High Priest of Lugonu.
             Demolished by a death yak (20 damage)
             ... on level 1 of the Lair of Beasts.
             The game lasted 00:31:04 (12090 turns).

xian the Envoy of Void (Demonspawn Abyssal Knight) Turns: 12090, Time: 00:31:08

Health: -19/83     AC: 22    Str: 15    XL:     11   Next: 97%
Magic:  27/29      EV: 12    Int: 14    God:    Lugonu [*****.]
Gold:   637        SH:  5    Dex: 20    Spells: 19/22 levels left

rFire   x . .      SeeInvis .   F - +2 short sword (distort)
rCold   + + .      Faith    .   (no shield)
rNeg    . . .      Spirit   .   U - +0 ice dragon scales
rPois   .          Reflect  +   j - +2 hat
rElec   .          Harm     .   x - +1 cloak
rCorr   .          Rampage  .   k - +2 pair of gloves
Will    .....                   T - +0 pair of boots
Stlth   ++........              S - amulet of reflection
HPRegen 0.23/turn               L - +6 ring of dexterity
MPRegen 0.21/turn               A - ring of magical power

@: about to teleport
A: icy blue scales 2, spiny 2, demonic magic 1, weakness stinger 1
a: Renounce Religion, Depart the Abyss, Bend Space, Banish, Corrupt, Enter the
Abyss


You were on level 1 of the Lair of Beasts.
You worshipped Lugonu.
Lugonu was extremely pleased with you.
You visited 2 branches of the dungeon, and saw 11 of its levels.
You visited the Abyss 1 time.

You collected 637 gold pieces.

Inventory:

Hand Weapons
 g - a +1 vampiric dagger
 y - a +2 quarterstaff of chaos
 F - a +2 short sword of distortion (weapon)
Missiles
 b - 12 boomerangs (quivered)
 z - 8 poisoned darts
 E - 7 throwing nets
 N - 10 boomerangs of dispersal
Armour
 j - a +2 hat (worn)
 k - a +2 pair of gloves (worn)
 u - a +2 robe of resistance
 x - a +1 cloak (worn)
 R - a scarf of shadows
 T - a +0 pair of boots (worn)
 U - +0 ice dragon scales (worn)
Jewellery
 l - a ring of fire
 A - a ring of magical power (right hand)
 L - a +6 ring of dexterity (left hand)
 S - an amulet of reflection (around neck)
Wands
 G - a wand of flame (16)
 M - a wand of charming (8)
 Q - a wand of mindburst (14)
Scrolls
 a - a scroll of brand weapon
 c - 2 scrolls of enchant armour
 n - 9 scrolls of teleportation
 o - 2 scrolls of amnesia
 p - 2 scrolls of blinking
 s - 3 scrolls of fog {unknown}
 v - 3 scrolls of immolation {unknown}
 w - 3 scrolls of summoning {unknown}
 B - 2 scrolls of magic mapping
 C - a scroll of torment
 H - a scroll of identify
 I - a scroll of fear {unknown}
 J - 4 scrolls of noise {unknown}
Potions
 d - 2 potions of invisibility
 e - 3 potions of mutation {unknown}
 f - 3 potions of attraction {unknown}
 h - 4 potions of magic {unknown}
 i - a potion of heal wounds
 m - a potion of haste {unknown}
 q - 3 potions of curing {unknown}
 r - 3 potions of might
 t - a potion of brilliance {unknown}
 D - 2 potions of degeneration {unknown}
 K - 3 potions of cancellation {unknown}
 O - 2 potions of flight {unknown}
 P - a potion of lignification {unknown}


   Skills:
 + Level 6.5 Fighting
 + Level 7.7 Short Blades
 + Level 0.6 Staves
 + Level 4.2 Armour
 + Level 6.9 Dodging
 + Level 6.8 Stealth
 + Level 0.7 Shields
 * Level 6.4 Spellcasting
 * Level 3.1 Conjurations
 * Level 7.2 Summonings
 - Level 9.1 Invocations


You had 19 spell levels left.
You knew the following spells:

 Your Spells              Type           Power      Damage    Failure   Level
a - Call Imp              Summ           24%        N/A       5%          2
b - Magic Dart            Conj           52%        1d5       21%         1

Your spell library contained the following spells:

 Spells                   Type           Power      Damage    Failure   Level
 Blink                    Tloc           8%         N/A       73%         2
 Scorch                   Fire           8%         2d5       73%         2
 Mephitic Cloud           Conj/Pois/Air  7%         N/A       82%         3
 Summon Ice Beast         Ice/Summ       14%        N/A       86%         4
 Frozen Ramparts          Ice            8%         1d2       91%         3
 Gell's Gravitas          Tloc           4%         N/A       91%         3
 Lesser Beckoning         Tloc           4%         N/A       91%         3
 Ozocubu's Armour         Ice            4%         N/A       91%         3
 Portal Projectile        Hex/Tloc       8%         N/A       91%         3
 Teleport Other           Tloc           4%         N/A       91%         3
 Tukima's Dance           Hex            4%         N/A       91%         3
 Flame Wave               Conj/Fire      8%         2d5       98%         4
 Fulminant Prism          Conj/Hex       4%         3d6       98%         4
 Iskenderun's Mystic Bla  Conj/Tloc      8%         2d4       98%         4
 Iskenderun's Battlesphe  Conj           13%        2d7       99%         5
 Summon Cactus Giant      Summ           12%        N/A       99%         6
 Ice Form                 Ice/Tmut       4%         N/A       100%        4
 Blade Hands              Tmut           2%         N/A       100%        5
 Lee's Rapid Deconstruct  Erth           2%         3d5*      100%        5
 Manifold Assault         Tloc           4%         N/A       100%        5
 Metabolic Englaciation   Hex/Ice        2%         N/A       100%        5
 Iron Shot                Conj/Erth      4%         9d2       100%        6
 Simulacrum               Ice/Necr       2%         N/A       100%        6
 Ozocubu's Refrigeration  Ice            2%         4d7       100%        7
 Spellforged Servitor     Conj/Summ      9%         N/A       100%        7
 Storm Form               Tmut/Air       2%         N/A       100%        7


Dungeon Overview and Level Annotations

Branches:
Dungeon (10/15)            Temple (0/1) D:4            Lair (1/5) D:10
    Orc (0/2) D:10

Altars:
Makhleb
Ru
Vehumet
Yredelemnul

Shops:
D:2 (   D:3 [

Portals:
Abyss: D:4

Annotations:
Abyss:1 Amaemon; Maggie; safid's ghost, amateur MiHu


Innate Abilities, Weirdness & Mutations

You are mostly covered in icy blue scales. (AC +3)
You are mostly covered in sharp spines.
Spells you cast may paralyse adjacent enemies.
You have a small tail.


Message History

Unknown command.
Unknown command.
You hit the death yak.
Space warps horribly around the death yak!
The death yak is moderately wounded.
Unknown command.
Unknown command.
You hit the death yak but do no damage.
The death yak is severely wounded.
The death yak blinks!
The death yak is struck by your spines. The death yak gores you!
Unknown command.
You hit the death yak but do no damage.
Space warps around the death yak.
Your tail-slap misses the death yak.
The death yak is heavily wounded.
The death yak gores you!!
* * * LOW HITPOINT WARNING * * *
The death yak is struck by your spines.
The death yak gores you but does no damage.
As you read the scroll of teleportation, it crumbles to dust.
You feel strangely unstable. The death yak barely misses you.
The yak is struck by your spines. The yak gores you!
* * * LOW HITPOINT WARNING * * *
The death yak is struck by your spines.
The death yak gores you but does no damage.
Casting: Call Imp (safe; 5% risk of failure)
Confirm with . or Enter, or press ? or * to list all spells.
Aiming: Magic Dart (safe; 21% risk of failure)
Press: ? - help, Shift-Dir - straight line, f - death yak
Aim: a death yak (heavily wounded, 100% to hit)
Okay, then.
Unknown command.
Casting: Magic Dart (safe; 21% risk of failure)
Confirm with . or Enter, or press ? or * to list all spells.
A beastly little devil appears in a puff of flame.
Malevolent energies surge around you. The yak gores you but does no damage.
The death yak gores you!
* * * LOW HITPOINT WARNING * * *
The death yak gores you!!
You die...

...... #....#..........###
......# #................#
....... ##..#............#
.......## #...##......#.#..#
#.......## ##..##.##..##.....
#.......P## #..#####..#......
..........# #...###..........
#...#.....###.5..#........... #
#.......YY@Y...............
#.#.....Y##Y..............# #
#.....#..Y...##...#.....#
#.....##...#..##...#..### ..#
.##..............#.###.#
.......#....................#
...........................#.#
..........................###.###
.....P..##..............#.###..#.


You could see 4 death yaks, 2 yaks and a friendly crimson imp (summoned).

Vanquished Creatures
  A boulder beetle (Lair:1)
  2 two-headed ogres
  Erica (D:8)
  Pikel (D:7)
  An ugly thing (D:10)
  Joseph (D:8)
  An orange demon (D:9)
  A cane toad (Lair:1)
  3 komodo dragons
  2 trolls (D:9)
  A shadow (D:9)
  A vampire (D:10)
  11 yaks
  A wraith (D:10)
  A basilisk (Lair:1)
  A steam dragon (D:9)
  Menkaure (D:7)
  Edmund (D:5)
  6 water moccasins
  4 orc warriors
  A sky beast (D:6)
  3 black bears
  4 wolves (Lair:1)
  2 centaurs
  3 lemures (D:7)
  A kobold brigand (D:4)
  5 bullfrogs
  A gnoll sergeant (D:10)
  4 scorpions
  4 wights (D:7)
  Dowan (D:5)
  A small abomination (D:4)
  4 killer bees (D:10)
  Crazy Yiuf (D:3)
  2 hounds (D:6)
  2 orc priests
  An iron imp (D:4)
  2 iguanas
  9 orc wizards
  A hound zombie (D:5)
  Robin (D:3)
  17 adders
  17 gnolls
  A shadow imp (D:8)
  3 white imps
  An ufetubus (D:4)
  3 worms
  2 dart slugs
  27 orcs
  7 ball pythons
  6 bats
  4 endoplasms
  3 giant cockroaches
  19 goblins
  11 hobgoblins
  5 jackals
  15 kobolds
  4 quokkas
  2 frilled lizards (D:1)
  4 rats
246 creatures vanquished.

Vanquished Creatures (collateral kills)
  Duvessa (D:5)
  A jackal (D:5)
2 creatures vanquished.

Vanquished Creatures (others)
  2 fungi (Lair:1)
  5 plants
  4 toadstools (D:2)
11 creatures vanquished.

Grand Total: 259 creatures vanquished

Notes
Turn   | Place    | Note
-------+----------+-------------------------------------------
     0 | Abyss:1  | xian the Demonspawn Abyssal Knight began the quest for the
                  | Orb.
     0 | Abyss:1  | Reached XP level 1. HP: 18/18 MP: 2/2
     4 | Abyss:1  | Found a corrupted altar of Lugonu.
    32 | Abyss:1  | Noticed a hellwing
    42 | D:1      | Escaped the Abyss
    79 | D:1      | Reached skill level 1 in Dodging
   413 | D:1      | Gained mutation: You are partially covered in sharp spines.
                  | [demonic ancestry]
   413 | D:1      | Reached XP level 2. HP: 9/24 MP: 3/3
   673 | D:1      | Found a faded altar of an unknown god.
   717 | D:1      | Reached ** piety under Lugonu
  1085 | D:2      | Gained mutation: You are mostly covered in sharp spines.
                  | [demonic ancestry]
  1085 | D:2      | Reached XP level 3. HP: 27/29 MP: 3/5
  1110 | D:2      | Found Lohypux's Weapon Emporium.
  1756 | D:2      | Gained mutation: Spells you cast may paralyse adjacent
                  | enemies. [demonic ancestry]
  1756 | D:2      | Reached XP level 4. HP: 37/37 MP: 6/6
  1801 | D:3      | Noticed a scorpion
  1811 | D:3      | Reached skill level 3 in Invocations
  1818 | D:3      | Killed a scorpion
  1867 | D:3      | Found Kenur's Armour Emporium.
  1873 | D:3      | Gained mutation: You are partially covered in icy blue
                  | scales. (AC +2) [demonic ancestry]
  1873 | D:3      | Reached XP level 5. HP: 40/42 MP: 7/7
  1975 | D:3      | Noticed Robin
  1980 | D:3      | Reached *** piety under Lugonu
  1991 | D:3      | Killed Robin
  2231 | D:3      | Reached skill level 4 in Invocations
  2231 | D:3      | Reached XP level 6. HP: 40/48 MP: 7/9
  2486 | D:3      | Found a runed translucent door.
  2487 | D:3      | Noticed Crazy Yiuf
  2495 | D:3      | Killed Crazy Yiuf
  2615 | D:4      | Found a staircase to the Ecumenical Temple.
  2647 | D:4      | Learned a level 2 spell: Call Imp
  2935 | D:4      | Found a transporter.
  2940 | D:4      | Found a one-way gate to the infinite horrors of the Abyss.
  2942 | D:4      | Noticed safid's ghost (amateur MiHu)
  2944 | D:4      | Reached **** piety under Lugonu
  2944 | D:4      | Banished safid's ghost
  2945 | D:4      | Reached skill level 1 in Spellcasting
  2960 | D:4      | Gained mutation: You are mostly covered in icy blue scales.
                  | (AC +3) [demonic ancestry]
  2960 | D:4      | Reached XP level 7. HP: 12/54 MP: 4/10
  2963 | D:4      | Reached skill level 1 in Stealth
  2963 | D:4      | Reached skill level 1 in Summonings
  3249 | D:4      | Found a transporter.
  3661 | D:5      | Entered Level 5 of the Dungeon
  3661 | D:5      | Noticed a yak
  3661 | D:5      | Noticed a yak
  3661 | D:5      | Noticed a yak
  3677 | D:4      | Killed a yak
  3678 | D:4      | Reached skill level 5 in Invocations
  3880 | D:5      | Reached XP level 8. HP: 60/61 MP: 11/11
  3986 | D:5      | Noticed Edmund
  3998 | D:5      | Killed Edmund
  4061 | D:5      | Found a basalt altar of Yredelemnul.
  4064 | D:5      | Learned a level 1 spell: Magic Dart
  4097 | D:5      | Noticed Duvessa
  4098 | D:5      | Noticed Dowan
  4107 | D:5      | Killed Duvessa
  4117 | D:5      | Killed Dowan
  4577 | D:5      | Reached skill level 5 in Fighting
  4690 | D:5      | Reached skill level 6 in Invocations
  5089 | D:6      | Gained mutation: You have a small tail. [demonic ancestry]
  5089 | D:6      | Reached XP level 9. HP: 63/68 MP: 14/14
  5488 | D:6      | Noticed Maggie
  5489 | D:6      | Found a radiant altar of Vehumet.
  5490 | D:6      | Found a sacrificial altar of Ru.
  5490 | D:6      | Found a burning altar of Makhleb.
  5494 | D:6      | Banished Maggie
  5495 | D:6      | Reached skill level 5 in Short Blades
  5564 | D:7      | Reached ***** piety under Lugonu
  5642 | D:7      | Noticed Pikel
  5670 | D:7      | Killed Pikel
  5680 | D:7      | Reached skill level 7 in Invocations
  5985 | D:7      | Noticed Menkaure
  5994 | D:7      | Killed Menkaure
  6355 | D:8      | Noticed a two-headed ogre
  6358 | D:8      | Reached XP level 10. HP: 64/75 MP: 16/16
  6367 | D:8      | Noticed Erica
  6372 | D:7      | Reached skill level 5 in Dodging
  6372 | D:7      | Reached skill level 5 in Summonings
  6679 | D:7      | Killed a two-headed ogre
  6680 | D:7      | Reached skill level 5 in Stealth
  6923 | D:8      | Reached skill level 8 in Invocations
  6935 | D:8      | Reached skill level 5 in Spellcasting
  7027 | D:8      | Killed Erica
  7266 | D:8      | Noticed Joseph
  7286 | D:8      | Killed Joseph
  7896 | D:8      | Noticed a two-headed ogre
  7908 | D:8      | Killed a two-headed ogre
  7909 | D:8      | Reached XP level 11. HP: 41/81 MP: 19/19
  8183 | D:9      | Noticed Amaemon
  8399 | D:9      | Banished Amaemon
  8400 | D:9      | Reached skill level 9 in Invocations
  9416 | D:10     | Entered Level 10 of the Dungeon
  9875 | D:10     | Noticed a brown ugly thing
  9892 | D:10     | Killed a brown ugly thing
  9893 | D:10     | Reached skill level 1 in Conjurations
 10265 | D:10     | Found a staircase to the Lair.
 10445 | D:10     | Found a staircase to the Orcish Mines.
 10913 | Lair:1   | Entered Level 1 of the Lair of Beasts
 11153 | Lair:1   | Noticed a boulder beetle
 11184 | Lair:1   | Killed a boulder beetle
 11907 | Lair:1   | Noticed a death yak
 11908 | Lair:1   | Noticed a death yak
 11920 | Lair:1   | Banished a death yak
 12063 | Lair:1   | Noticed a death yak
 12063 | Lair:1   | Noticed a death yak
 12077 | Lair:1   | Noticed a death yak
 12090 | Lair:1   | HP: 1/83 [death yak (9)]
 12090 | Lair:1   | Demolished by a death yak

Illustrated notes

Levels and vault maps discovered:
D:1:      heliophobic_arrival_enchanted_forest, layout_basic,
          dreamdust_ecumenical_altar_hidden_monk_grotto, minmay_misc_feat_plants
D:2:      layout_basic, serial_shops, nicolae_shop_stone,
          minmay_gold_behind_fungi
D:3:      layout_rooms, serial_shops, nicolae_shop_advertising_works
          [nicolae_subvault_shop_adworks], uniq_crazy_yiuf_cottage, uniq_robin
D:4:      layout_loops_ring, minmay_temple_entry_offerings,
          gammafunk_ghost_abyssal_escape, minmay_fractal_squares_gapless_5
D:5:      layout_loops_ring, lemuel_zombie_altar_yredelemnul, uniq_duvessa,
          uniq_edmund
D:6:      layout_basic, mainiacjoe_overflow_alcove_3, uniq_maggie
D:7:      layout_rooms, minmay_unpleasant_kobolds, uniq_menkaure, uniq_pikel
D:8:      layout_loops_cross, st_stairs_4, uniq_erica, uniq_joseph
D:9:      layout_roguey, uniq_amaemon
D:10:     layout_grid_maze, david_lair_shrubbed, orc_0_dummy,
          hangedman_abyss_or_decor_passed
Lair:1:   layout_gridlike, chequers_serial_rivers_large_a, minivault_26

Skill      XL: |  1  2  3  4  5  6  7  8  9 10 11 |
---------------+----------------------------------+-----
Dodging        | 1 2 3 4 5 6 |  6.9
Short Blades   | 2 3 4 5 6 7 |  7.7
Armour         | 2 3 4 |  4.2
Invocations    | 3 4 5 6 7 8 9 |  9.1
Fighting       | 4 5 6 |  6.5
Spellcasting   | 1 2 3 4 5 6 |  6.4
Stealth        | 2 3 4 5 6 |  6.8
Summonings     | 2 3 4 6 7 |  7.2
Conjurations   | 3 |  3.1
Staves         | |  0.6
Shields        | |  0.7

Action                   |  1- 3 |  4- 6 |  7- 9 | 10-12 || total
-------------------------+-------+-------+-------+-------++-------
Melee: Short sword       |    28 |       |   214 |   290 ||   532
       Dagger            |    50 |   113 |     2 |       ||   165
       Punch             |     1 |     1 |     1 |     3 ||     6
       Quarterstaff      |       |     4 |       |       ||     4
       Tailslap          |       |       |    12 |    57 ||    69
Throw: Boomerang         |       |       |       |     3 ||     3
 Cast: Call Imp          |       |     1 |     2 |     7 ||    10
Invok: Depart the Abyss  |     1 |       |       |       ||     1
       Banish            |       |     1 |       |       ||     1
  Use: Scroll            |       |       |     7 |     1 ||     8
       Potion            |       |       |     1 |     3 ||     4
 Stab: Sleeping          |       |     1 |     6 |    11 ||    18
       Invisible         |       |       |     1 |       ||     1
       Paralysed         |       |       |     2 |     5 ||     7
Armor: Leather armour    |     3 |       |       |       ||     3
       Ring mail         |    17 |    33 |       |       ||    50
       Robe              |       |    13 |    79 |    65 ||   157
       Ice dragon scales |       |       |       |    27 ||    27
Dodge: Dodged            |    30 |    64 |   130 |   187 ||   411
Block: Other             |       |       |       |    33 ||    33
